 Dungeon Crawl Stone Soup version 0.28-a0-861-ge64d6db94f (webtiles) character file.

Game seed: 17732738450742382138

8205 inmateoo the Grappler (level 11, -4/109 HPs)
             Began as a Troll Monk on Nov 15, 2021.
             Was a Priest of Cheibriados.
             Slain by a vampire (11 damage)
             ... on level 11 of the Dungeon.
             The game lasted 00:13:35 (9084 turns).

inmateoo the Grappler (Troll Monk)                  Turns: 9084, Time: 00:13:36

Health: -4/109     AC:  9    Str: 30    XL:     11   Next: 6%
Magic:  8/13       EV: 11    Int: 22    God:    Cheibriados [***...]
Gold:   198        SH:  0    Dex: 23    Spells: 8/14 levels left

rFire   . . .      SeeInvis .     - Unarmed
rCold   . . .      Faith    .   (no shield)
rNeg    . . .      Spirit   .   B - +2 robe {Will+}
rPois   .          Reflect  .   (helmet restricted)
rElec   .          Harm     .   w - +2 cloak {Stlth+}
rCorr   .          Rampage  .   (gloves unavailable)
Will    +....                   (boots unavailable)
Stlth   +++.......              q - amulet of the acrobat
HPRegen 1.28/turn               y - ring "Wiynuos" {Int+6 Dex+3}
MPRegen 0.13/turn               (no ring)

@: very slow
A: large, unfitting armour, claws 3, regeneration 1, shaggy fur 1, tough skin 1
a: Renounce Religion, Bend Time, Temporal Distortion


You were on level 11 of the Dungeon.
You worshipped Cheibriados.
Cheibriados was most pleased with you.
You visited 2 branches of the dungeon, and saw 12 of its levels.

You collected 558 gold pieces.
You spent 360 gold pieces at shops.

Inventory:

Hand Weapons
 k - a +0 scimitar of flaming
Missiles
 b - 418 stones
 d - 33 poisoned darts
 g - 2 boomerangs (quivered)
 m - a boomerang of dispersal
 t - a throwing net
 u - a curare-tipped dart
Armour
 c - +0 steam dragon scales
 w - a +2 cloak of stealth (worn)
 B - a +2 robe of willpower (worn)
Jewellery
 q - an amulet of the acrobat (around neck)
 y - the ring "Wiynuos" (left claw) {Int+6 Dex+3}
   (You found it on level 8 of the Dungeon)

   [ring of intelligence]

   Int:       It affects your intelligence (+6).
   Dex:       It affects your dexterity (+3).
 D - a ring of resist corrosion
Wands
 r - a wand of flame (7)
 v - a wand of digging (12)
 C - a wand of iceblast (8)
Scrolls
 f - 5 scrolls of blinking
 p - 3 scrolls of enchant armour
 s - 5 scrolls of teleportation
 x - 3 scrolls of fear
 A - a scroll of identify
Potions
 a - 2 potions of berserk rage
 e - 8 potions of curing
 h - 6 potions of lignification
 i - 4 potions of heal wounds
 j - 2 potions of resistance
 l - a potion of might
 n - a potion of flight
 o - 3 potions of attraction
 z - a potion of magic


   Skills:
 + Level 7.0 Fighting
 + Level 7.0 Throwing
 - Level 2.4 Dodging
 - Level 1.0 Stealth
 * Level 11.4 Unarmed Combat
 + Level 2.0 Spellcasting
 + Level 2.4 Summonings
 + Level 3.8 Invocations
 + Level 2.0 Evocations


You had 8 spell levels left.
You knew the following spells:

 Your Spells              Type           Power      Damage    Failure   Level
a - Apportation           Tloc           4%         N/A       14%         1
b - Summon Forest         Summ/Tloc      3%         N/A       93%         5

Your spell library contained the following spells:

 Spells                   Type           Power      Damage    Failure   Level
 Magic Dart               Conj           8%         1d3       14%         1
 Searing Ray              Conj           4%         2d4       21%         2
 Animate Dead             Necr           1%         N/A       80%         4
 Fulminant Prism          Conj/Hex       1%         3d6       80%         4
 Summon Mana Viper        Hex/Summ       7%         N/A       93%         5
 Alistair's Intoxication  Tmut/Pois      1%         N/A       98%         5
 Borgnjor's Vile Clutch   Necr/Erth      1%         N/A       98%         5
 Death Channel            Necr           1%         N/A       100%        6
 Summon Cactus Giant      Summ           6%         N/A       100%        6


Dungeon Overview and Level Annotations

Branches:
Dungeon (11/15)            Temple (1/1) D:6            Lair (0/6) D:9
    Orc: D:9-12

Altars:
Ashenzari
Cheibriados
Dithmenos
Elyvilon
Fedhas
Gozag
Kikubaaqudgha
Makhleb
Okawaru
Qazlal
Sif Muna
Vehumet
Xom
Yredelemnul
Zin

Shops:
D:8 !

Portals:
Abyss: D:10

Annotations:
D:10 2 transporters, qborf's ghost, journeyman VSFi


Innate Abilities, Weirdness & Mutations

You are too large for most types of armour.
You have claws for hands.
Your natural rate of healing is unusually fast.
You are covered in fur. (AC +1)
You have tough skin. (AC +1)


Message History

No target in view!
No target in view!
You scratch something.
No target in view!
You scratch something but do no damage.
You hear some strange, mumbled words.
Something tries to affect you, but you resist.
No target in view!
You claw something! Something draws life force from you!!
No target in view!
You miss something. You claw something! Something hits you.
Something bites you!
Something draws strength from your injuries!
You scratch something.
No target in view!
You scratch something. Something hits you! Something bites you.
Something draws strength from your injuries!
No target in view!
You scratch something. You claw something. Something draws life force from you!
No target in view!
You scratch something. Something hits you! Something bites you!
Something draws strength from your injuries!
You claw something! Something hits you but does no damage. Something bites you.
Something draws strength from your injuries!
You are too injured to fight recklessly!
You closely miss something.
You are too injured to fight recklessly!
You scratch something. Something draws life force from you!!
* * * LOW HITPOINT WARNING * * *
You closely miss something. Something hits you!
* * * LOW HITPOINT WARNING * * *
Something bites you!
* * * LOW HITPOINT WARNING * * *
Something draws strength from your injuries!
Okay, then.
You can feel time thicken for a moment.
You can no longer inflict damage on those overly hasty.
Cheibriados lowers the support of your attributes as your movement quickens.
Something hits you!
You die...

##.##.#.# ...#.#.#
#..#.#.# ..(...
#######.#..#
#.....#....######
.....!..........
#....@{# ##
####....# ###
...#.......+ ...
.....##....# #.#
...........# #.#
....###....####.###
.. +...#.##......#
T ###.#.##.##.#)#
#.#.##.#..#.#


There were no monsters in sight!

Vanquished Creatures
  2 two-headed ogres (D:10)
  Maggie (D:7)
  Psyche (D:8)
  An efreet (D:10)
  A hornet (D:9)
  A shadow (D:9)
  A wraith (D:10)
  5 yaks (D:9)
  Sigmund (D:2)
  A wyvern (D:9)
  2 basilisks (D:9)
  3 vampire mosquitoes (D:10)
  3 water moccasins (D:9)
  2 black bears (D:9)
  2 ice beasts
  4 ogres
  2 centaurs (D:8)
  3 wolves (D:9)
  3 kobold brigands
  A gnoll sergeant (D:10)
  2 bullfrogs (D:7)
  5 scorpions
  A wyvern zombie (D:5)
  14 wights
  4 howler monkeys
  2 bullfrog zombies
  4 hounds (D:4)
  Crazy Yiuf (D:6)
  3 jellies
  An orc priest (D:5)
  A gnoll shaman (D:4)
  3 iguanas
  6 orc wizards
  Natasha (thrice) (D:2)
  2 howler monkey zombies
  28 gnolls
  7 adders
  A shadow imp (D:7)
  A white imp (D:5)
  3 worms
  2 dart slugs
  28 orcs
  A ball python (D:2)
  6 bats
  10 endoplasms
  3 giant cockroaches
  4 goblins
  4 hobgoblins
  20 jackals
  2 quokkas
  2 frilled lizards (D:2)
  14 kobolds
  7 rats
235 creatures vanquished.

Vanquished Creatures (others)
  2 fungi (D:9)
  10 plants
12 creatures vanquished.

Grand Total: 247 creatures vanquished

Notes
Turn   | Place    | Note
-------+----------+-------------------------------------------
     0 | D:1      | inmateoo the Troll Monk began the quest for the Orb.
     0 | D:1      | Reached XP level 1. HP: 22/22 MP: 0/0
   239 | D:1      | Reached XP level 2. HP: 29/29 MP: 1/1
   675 | D:1      | Found a faded altar of an unknown god.
  1025 | D:2      | Noticed Natasha
  1035 | D:2      | Killed Natasha
  1036 | D:2      | Reached skill level 1 in Throwing
  1036 | D:2      | Reached XP level 3. HP: 13/36 MP: 2/2
  1063 | D:2      | Noticed Natasha
  1080 | D:2      | Killed Natasha
  1081 | D:2      | Reached skill level 4 in Unarmed Combat
  1081 | D:2      | Reached XP level 4. HP: 36/44 MP: 3/3
  1124 | D:2      | Noticed Natasha
  1131 | D:2      | Killed Natasha
  1153 | D:2      | Noticed Sigmund
  1755 | D:2      | Reached XP level 5. HP: 53/53 MP: 4/4
  1865 | D:2      | Killed Sigmund
  1866 | D:2      | Reached skill level 5 in Unarmed Combat
  1866 | D:2      | Reached XP level 6. HP: 47/61 MP: 5/5
  3007 | D:4      | Reached skill level 6 in Unarmed Combat
  3007 | D:4      | Reached XP level 7. HP: 64/68 MP: 6/6
  3626 | D:4      | Reached skill level 7 in Unarmed Combat
  4130 | D:4      | Reached XP level 8. HP: 57/79 MP: 7/7
  4520 | D:5      | Entered Level 5 of the Dungeon
  4535 | D:5      | Reached skill level 8 in Unarmed Combat
  4553 | D:5      | Reached skill level 5 in Fighting
  4900 | D:5      | Reached skill level 5 in Throwing
  5528 | D:6      | Found a staircase to the Ecumenical Temple.
  5536 | Temple   | Entered the Ecumenical Temple
  5539 | Temple   | Reached XP level 9. HP: 88/88 MP: 8/8
  5614 | Temple   | Became a worshipper of Cheibriados the Contemplative
  5614 | Temple   | Reached * piety under Cheibriados
  5614 | Temple   | Reached ** piety under Cheibriados
  5648 | Temple   | Reached skill level 9 in Unarmed Combat
  5920 | D:6      | Found a runed translucent door.
  5921 | D:6      | Noticed Crazy Yiuf
  6021 | D:6      | Found a radiant altar of Vehumet.
  6348 | D:6      | Killed Crazy Yiuf
  6481 | D:7      | Noticed Maggie
  6490 | D:7      | Killed Maggie
  6794 | D:7      | Found a broken altar of Ashenzari.
  6796 | D:7      | Found a stormy altar of Qazlal.
  6796 | D:7      | Found a blossoming altar of Fedhas.
  6798 | D:7      | Found an opulent altar of Gozag.
  6799 | D:7      | Found an ancient bone altar of Kikubaaqudgha.
  7055 | D:8      | Found Lahabb's Distillery.
  7062 | D:8      | Bought a potion of curing for 30 gold pieces
  7062 | D:8      | Bought 2 potions of curing for 60 gold pieces
  7062 | D:8      | Bought a potion of curing for 30 gold pieces
  7062 | D:8      | Bought a potion of magic for 80 gold pieces
  7062 | D:8      | Bought 2 potions of lignification for 60 gold pieces
  7062 | D:8      | Bought a potion of resistance for 100 gold pieces
  7106 | D:8      | Identified the ring "Wiynuos" {Int+6 Dex+3}
  7198 | D:8      | Reached skill level 1 in Invocations
  7203 | D:8      | Found an iron altar of Okawaru.
  7262 | D:8      | Noticed Psyche
  7272 | D:8      | Killed Psyche
  7272 | D:8      | Reached *** piety under Cheibriados
  7273 | D:8      | Reached skill level 10 in Unarmed Combat
  7314 | D:8      | Learned a level 1 spell: Apportation
  7836 | D:9      | Learned a level 5 spell: Summon Forest
  7952 | D:9      | Reached XP level 10. HP: 79/100 MP: 10/10
  7977 | D:9      | Reached skill level 1 in Summonings
  8013 | D:9      | Found a staircase to the Lair.
  8028 | D:9      | Reached skill level 1 in Spellcasting
  8081 | D:9      | Paralysed by a hornet for 2 turns
  8085 | D:9      | Reached **** piety under Cheibriados
  8481 | D:10     | Entered Level 10 of the Dungeon
  8486 | D:10     | Reached skill level 11 in Unarmed Combat
  8486 | D:10     | Reached skill level 1 in Evocations
  8563 | D:10     | Found a one-way gate to the infinite horrors of the Abyss.
  8563 | D:10     | Noticed qborf's ghost (journeyman VSFi)
  8565 | D:10     | Found a glowing silver altar of Zin.
  8627 | D:10     | Noticed a toenail golem
  8641 | D:10     | Found a transporter.
  8646 | D:10     | Found a transporter.
  8733 | D:10     | Noticed a two-headed ogre
  8744 | D:10     | Killed a two-headed ogre
  8829 | D:10     | Noticed a two-headed ogre
  8832 | D:10     | Killed a two-headed ogre
  8833 | D:10     | Reached XP level 11. HP: 96/109 MP: 11/13
  8935 | D:10     | Noticed a thrashing horror
  8936 | D:10     | Noticed a skeletal warrior
  9084 | D:11     | Slain by a vampire

Illustrated notes

Levels and vault maps discovered:
D:1:      lightli_arrival_noodles, layout_loops_corners,
          dilly_ecumenical_altar_fadedgnrine, minmay_misc_feat_rows
D:2:      layout_loops_cross, serial_rivers, chequers_serial_rivers_large_a,
          chequers_serial_rivers_large_b, chequers_serial_rivers_small_b,
          chequers_serial_rivers_small_3, chequers_serial_rivers_micro_b,
          chequers_serial_rivers_room_b, uniq_natasha, uniq_sigmund
D:3:      layout_loops_ring, kennysheep_minor_cross, grunt_ministairs_3,
          serial_bayou_ford_a, chequers_hall_statues_wall_a,
          mrwooster_statue_mirror, kennysheep_generic_room_7
D:4:      lemuel_castle_with_subvaults [lemuel_castle_interior_carwin_2],
          layout_layer_cave, bh_walls_and_bars
D:5:      layout_loops_ring, grunt_ministairs_8
D:6:      layout_basic, mainiacjoe_overflow_brackets,
          minmay_temple_entry_gardened_gates, serial_rivers,
          chequers_serial_rivers_micro_a, chequers_serial_rivers_micro_e,
          chequers_serial_rivers_small_3, chequers_serial_rivers_micro_c,
          chequers_serial_rivers_small_3, minmay_misc_feat_more_columns,
          kennysheep_generic_room_11, uniq_crazy_yiuf_cottage
D:7:      layout_basic, grunt_temple_overflow_open, grunt_ministairs_3,
          uniq_maggie
D:8:      layout_loops_cross, kennysheep_okawaru_gauntlet,
          nicolae_stop_n_shop_2, uniq_psyche
D:9:      layout_roguey, minmay_lair_entry_grove
D:10:     layout_cave_pools, mainiacjoe_overflow_chevrons,
          gammafunk_ghost_abyssal_escape
D:11:     layout_basic, serial_shops,
          nicolae_shop_temple_entry_statues_fountains
Temple:   dpeg_chambers_temple

Skill      XL: |  1  2  3  4  5  6  7  8  9 10 |
---------------+-------------------------------+-----
Throwing       | 1 2 3 5 6 7 |  7.0
Unarmed Combat | 4 5 6 7 8 10 11 | 11.4
Fighting       | 3 4 5 6 7 |  7.0
Invocations    | 2 3 |  3.8
Summonings     | 2 |  2.4
Spellcasting   | 2 |  2.0
Evocations     | 2 |  2.0
Dodging        | |  2.4
Stealth        | |  1.0

Action                   |  1- 3 |  4- 6 |  7- 9 | 10-12 || total
-------------------------+-------+-------+-------+-------++-------
Melee: Unarmed           |    67 |   109 |   336 |   127 ||   639
       Punch             |     2 |     2 |    16 |    10 ||    30
Throw: Dart              |     5 |       |       |       ||     5
       Boomerang         |       |     6 |    39 |     6 ||    51
Invok: Slouch            |       |       |       |     2 ||     2
Evoke: Wand              |       |       |       |     1 ||     1
  Use: Scroll            |       |     7 |    10 |     4 ||    21
 Stab: Sleeping          |     5 |     4 |     8 |     1 ||    18
Armor: Robe              |    27 |    26 |    77 |    29 ||   159
Dodge: Dodged            |    37 |    50 |   143 |   101 ||   331

Table legend: (Time is in decaauts)
 A = Elapsed time spent in this place.
 B = Non-inter-level travel time spent in this place.
 C = Inter-level travel time spent in this place.
 D = Time resting spent in this place.
 E = Time spent auto-exploring this place.
 F = Levels seen in this place.
 G = Mean time per level.
                   A        B        C        D        E       F      G
               +--------+--------+--------+--------+--------+-----+--------+
         Total |  10807 |  10287 |    520 |    175 |   7994 |  12 |  900.6 |
       Dungeon |  10662 |  10172 |    490 |    175 |   7939 |  11 |  969.3 |
        Temple |    144 |    114 |     30 |      0 |     55 |   1 |  144.0 |
               +--------+--------+--------+--------+--------+-----+--------+

Top non-repeatable levels by time:
     D:4: 1683 daAuts
     D:6: 1313 daAuts
     D:9: 1123 daAuts
     D:2: 1090 daAuts
     D:1: 990 daAuts
     D:8: 981 daAuts
     D:7: 893 daAuts
    D:10: 871 daAuts
     D:3: 837 daAuts
     D:5: 818 daAuts
  Temple: 144 daAuts
    D:11: 59 daAuts
